BR
GILBERT FIRE FIGHTERS @ ATLANTIC CITY WAR DOGS
08/26/2027
 
TOP OF THE 1ST
Gilbert Fire Fighters batting - Pitching for Atlantic City War Dogs : LHP Mauro Muñíz
Pitching: LHP Mauro Muñíz
Batting: RHB Cristián Cauozos 0-0: Ball
1-0: Ground out 6-3 (Groundball, 6)
Batting: RHB George Medine 0-0: Ball
1-0: Ball
2-0: Ball
3-0: Base on Balls
Batting: SHB George Wells 0-0: Ball
1-0: Swinging Strike
1-1: Grounds into double play, 5-4-3 (Groundball, 56)
Top of the 1st over - 0 run(s), 0 hit(s), 0 error(s), 0 left on base; Gilbert 0 - Atlantic City 0
BOTTOM OF THE 1ST
Atlantic City War Dogs batting - Pitching for Gilbert Fire Fighters : RHP James Jones
Pitching: RHP James Jones
Batting: RHB Jake Osborn 0-0: Called Strike
0-1: Ball
1-1: Ball
2-1: SINGLE (Groundball, 5) (infield hit)
Batting: RHB Robert Koremans 0-0: Called Strike
Jake Osborn steals 2nd base
0-1: Called Strike
0-2: SINGLE (Groundball, 56D)
Jake Osborn to third
Batting: RHB José Guevara 0-0: Ball
1-0: Swinging Strike
1-1: Swinging Strike
1-2: Strikes out swinging
Batting: RHB Jamie Swyers 0-0: Called Strike
0-1: Ball
1-1: Ball
2-1: Grounds into double play, 6-4-3 (Groundball, 6)
Bottom of the 1st over - 0 run(s), 2 hit(s), 0 error(s), 1 left on base; Gilbert 0 - Atlantic City 0
TOP OF THE 2ND
Gilbert Fire Fighters batting - Pitching for Atlantic City War Dogs : LHP Mauro Muñíz
Batting: LHB Bill Handy 0-0: Called Strike
0-1: Ball
1-1: Ball
2-1: Foul Ball, location: 2F
2-2: Strikes out swinging
Batting: RHB Jorge Álvarez 0-0: Called Strike
0-1: Foul Ball, location: 2F
0-2: Strikes out swinging
Batting: RHB James Jones 0-0: Called Strike
0-1: Ball
1-1: Called Strike
1-2: Strikes out swinging
Top of the 2nd over - 0 run(s), 0 hit(s), 0 error(s), 0 left on base; Gilbert 0 - Atlantic City 0
BOTTOM OF THE 2ND
Atlantic City War Dogs batting - Pitching for Gilbert Fire Fighters : RHP James Jones
Batting: LHB Patrick Ferguson 0-0: Ball
1-0: Swinging Strike
1-1: Foul Ball, location: 2F
1-2: Ball
2-2: Ball
3-2: Ground out 1-3 (Groundball, P)
Batting: RHB Armando Vega 0-0: Ball
1-0: Called Strike
1-1: Called Strike
1-2: Strikes out swinging
Batting: RHB John Stevens 0-0: Called Strike
0-1: SINGLE (Line Drive, 6MD)
Batting: RHB Jesús Herrera 0-0: Called Strike
0-1: Ball
1-1: Ball
2-1: Foul Ball, location: 2F
2-2: Foul Ball, location: 2F
2-2: Fly out, F9 (Flyball, 9)
Bottom of the 2nd over - 0 run(s), 1 hit(s), 0 error(s), 1 left on base; Gilbert 0 - Atlantic City 0
TOP OF THE 3RD
Gilbert Fire Fighters batting - Pitching for Atlantic City War Dogs : LHP Mauro Muñíz
Batting: RHB Ángel Rodríguez 0-0: Ball
1-0: Called Strike
1-1: Ball
2-1: Foul Ball, location: 2F
2-2: Strikes out swinging
Batting: RHB Carl Curry 0-0: Foul Ball, location: 2F
0-1: Foul Ball, location: 2F
0-2: Ball
1-2: Foul Ball, location: 2F
1-2: Strikes out looking
Batting: RHB James Richardson 0-0: Swinging Strike
0-1: Swinging Strike
0-2: Ball
1-2: Strikes out swinging
Top of the 3rd over - 0 run(s), 0 hit(s), 0 error(s), 0 left on base; Gilbert 0 - Atlantic City 0
BOTTOM OF THE 3RD
Atlantic City War Dogs batting - Pitching for Gilbert Fire Fighters : RHP James Jones
Batting: RHB Pat Simms 0-0: Ball
1-0: Foul Ball, location: 2F
1-1: Bunt missed!
1-2: Fly out, F9 (Flyball, 9D)
Batting: RHB Jake Osborn 0-0: Fly out, F8 (Flyball, 8LS)
Batting: RHB Robert Koremans 0-0: Fly out, F9 (Flyball, 9S)
Bottom of the 3rd over - 0 run(s), 0 hit(s), 0 error(s), 0 left on base; Gilbert 0 - Atlantic City 0
TOP OF THE 4TH
Gilbert Fire Fighters batting - Pitching for Atlantic City War Dogs : LHP Mauro Muñíz
Batting: RHB Cristián Cauozos 0-0: Ball
1-0: Ball
2-0: Called Strike
2-1: Ball
3-1: Base on Balls
Batting: RHB George Medine 0-0: Ball
1-0: Ball
Cristián Cauozos steals 2nd base
2-0: Ball
3-0: Called Strike
3-1: Called Strike
3-2: DOUBLE (Flyball, 78D)
Cristián Cauozos scores
Batting: SHB George Wells 0-0: Fly out, F7 (Line Drive, 78M)
Batting: LHB Bill Handy 0-0: Called Strike
0-1: Ball
1-1: Ball
2-1: Ball
3-1: Called Strike
3-2: SINGLE (Groundball, 34D)
George Medine to third
Runner from 3rd tries for Home, SAFE, no throw
Batting: RHB Jorge Álvarez 0-0: Ball
1-0: DOUBLE (Line Drive, 78M)
Bill Handy to third
Runner from 3rd tries for Home, SAFE, no throw
Batting: RHB James Jones 0-0: Fly out, F3 (Popup, 3L)
Batting: RHB Ángel Rodríguez 0-0: Ball
1-0: Called Strike
1-1: Ball
2-1: Foul Ball, location: 2F
2-2: Ball
3-2: Base on Balls
Batting: RHB Carl Curry 0-0: Ball
1-0: Fly out, F8 (Line Drive, 8LM)
Top of the 4th over - 3 run(s), 3 hit(s), 0 error(s), 2 left on base; Gilbert 3 - Atlantic City 0
BOTTOM OF THE 4TH
Atlantic City War Dogs batting - Pitching for Gilbert Fire Fighters : RHP James Jones
Batting: RHB José Guevara 0-0: SINGLE (Groundball, 34D)
Batting: RHB Jamie Swyers 0-0: Swinging Strike
0-1: Ball
1-1: Ball
2-1: SINGLE (Groundball, 56D)
José Guevara to second
Batting: LHB Patrick Ferguson 0-0: Ball
1-0: Ball
2-0: 3-RUN HOME RUN (Flyball, 89XD), Distance : 396 ft
Batting: RHB Armando Vega 0-0: Called Strike
0-1: Called Strike
0-2: Ball
1-2: Ball
2-2: Strikes out swinging
Batting: RHB John Stevens 0-0: Ground out 6-3 (Groundball, 6)
Batting: RHB Jesús Herrera 0-0: Swinging Strike
0-1: Foul Ball, location: 2F
0-2: Ball
1-2: DOUBLE (Line Drive, 7D)
Batting: RHB Pat Simms 0-0: Ground out 6-3 (Groundball, 6)
Bottom of the 4th over - 3 run(s), 4 hit(s), 0 error(s), 1 left on base; Gilbert 3 - Atlantic City 3
TOP OF THE 5TH
Gilbert Fire Fighters batting - Pitching for Atlantic City War Dogs : LHP Mauro Muñíz
Batting: RHB James Richardson 0-0: Called Strike
0-1: Ball
1-1: DOUBLE (Groundball, 5L)
Batting: RHB Cristián Cauozos 0-0: Foul Ball, location: 2F
0-1: Ball
1-1: Called Strike
1-2: DOUBLE (Line Drive, 8RM)
James Richardson scores
Batting: RHB George Medine 0-0: Ball
1-0: Foul Ball, location: 2F
1-1: Swinging Strike
1-2: Ball
2-2: Fly out, F6 (Popup, 56)
Batting: SHB George Wells 0-0: Called Strike
0-1: Foul Ball, location: 2F
0-2: Ball
1-2: SINGLE (Groundball, 56S) (infield hit)
Cristián Cauozos to third
Pitching: RHP Mauro Martínez
Batting: LHB Bill Handy 0-0: Ball
1-0: Ball
2-0: Grounds into double play, 4-6-3 (Groundball, 4)
Top of the 5th over - 1 run(s), 3 hit(s), 0 error(s), 1 left on base; Gilbert 4 - Atlantic City 3
BOTTOM OF THE 5TH
Atlantic City War Dogs batting - Pitching for Gilbert Fire Fighters : RHP James Jones
Batting: RHB Jake Osborn 0-0: Called Strike
0-1: Ball
1-1: Ball
2-1: Ball
3-1: Called Strike
3-2: Foul Ball, location: 2F
3-2: Foul Ball, location: 2F
3-2: SINGLE (Line Drive, 9S)
Batting: RHB Robert Koremans 0-0: Ball
1-0: Ball
2-0: Ball
3-0: Called Strike
3-1: Base on Balls
Jake Osborn to second
Batting: RHB José Guevara 0-0: Grounds into double play, 4-6-3 (Groundball, 4)
Jake Osborn to third
Batting: RHB Jamie Swyers 0-0: Ground out 5-3 (Groundball, 56)
Bottom of the 5th over - 0 run(s), 1 hit(s), 0 error(s), 1 left on base; Gilbert 4 - Atlantic City 3
TOP OF THE 6TH
Gilbert Fire Fighters batting - Pitching for Atlantic City War Dogs : RHP Mauro Martínez
Batting: RHB Jorge Álvarez 0-0: Swinging Strike
0-1: Foul Ball, location: 2F
0-2: Ball
1-2: Strikes out swinging
Batting: RHB James Jones 0-0: Ball
1-0: Called Strike
1-1: Ball
2-1: Ball
3-1: Swinging Strike
3-2: Ground out 6-3 (Groundball, 6)
Batting: RHB Ángel Rodríguez 0-0: Ball
1-0: Called Strike
1-1: Swinging Strike
1-2: Strikes out swinging
Top of the 6th over - 0 run(s), 0 hit(s), 0 error(s), 0 left on base; Gilbert 4 - Atlantic City 3
BOTTOM OF THE 6TH
Atlantic City War Dogs batting - Pitching for Gilbert Fire Fighters : RHP James Jones
Batting: LHB Patrick Ferguson 0-0: Ball
1-0: Ball
2-0: Ball
3-0: Called Strike
3-1: Foul Ball, location: 2F
3-2: Fly out, F8 (Line Drive, 78M)
Batting: RHB Armando Vega 0-0: SINGLE (Line Drive, 6MD)
Batting: RHB John Stevens 0-0: Fly out, F8 (Flyball, 8RM)
Batting: RHB Jesús Herrera 0-0: Called Strike
0-1: Ball
Wild Pitch!
Armando Vega to second
1-1: Ball
2-1: Foul Ball, location: 2F
2-2: Foul Ball, location: 2F
2-2: Ball
3-2: Base on Balls
Batting: RHB Pat Simms 0-0: Ball
1-0: SINGLE (Flyball, 9LS)
Armando Vega to third
Jesús Herrera to second
Runner from 3rd tries for Home, SAFE, no throw
Batting: RHB Jake Osborn 0-0: Ball
1-0: Ball
2-0: Called Strike
2-1: Single, Error in OF, E7, batter to second base
Jesús Herrera scores
Pat Simms to third
Batting: RHB Robert Koremans 0-0: Ground out 4-3 (Groundball, 4)
Bottom of the 6th over - 2 run(s), 3 hit(s), 1 error(s), 2 left on base; Gilbert 4 - Atlantic City 5
TOP OF THE 7TH
Gilbert Fire Fighters batting - Pitching for Atlantic City War Dogs : RHP Mauro Martínez
Batting: RHB Carl Curry 0-0: Fly out, F4 (Line Drive, 4)
Batting: RHB James Richardson 0-0: Ball
1-0: Foul Ball, location: 2F
1-1: Foul Ball, location: 2F
1-2: Strikes out swinging
Batting: RHB Cristián Cauozos 0-0: Ground out 5-3 (Groundball, 56)
Top of the 7th over - 0 run(s), 0 hit(s), 0 error(s), 0 left on base; Gilbert 4 - Atlantic City 5
BOTTOM OF THE 7TH
Atlantic City War Dogs batting - Pitching for Gilbert Fire Fighters : RHP James Jones
Batting: RHB José Guevara 0-0: Ball
1-0: Single, Error in OF, E9, batter to second base
Batting: RHB Jamie Swyers 0-0: Foul Ball, location: 2F
0-1: Ball
1-1: Foul Ball, location: 2F
1-2: Ball
2-2: Foul Ball, location: 2F
2-2: Foul Ball, location: 2F
2-2: SINGLE (Line Drive, 34D)
José Guevara to third
Batting: LHB Patrick Ferguson 0-0: Ball
Jamie Swyers is caught stealing 2nd base
1-0: Ball
2-0: Swinging Strike
2-1: Foul Ball, location: 2F
2-2: Ball
3-2: Foul Ball, location: 2F
3-2: Base on Balls
Pinch Hitting: RHB Roberto Ybarra 0-0: Ball
1-0: Ball
2-0: Called Strike
2-1: Hit by Pitch
Patrick Ferguson to second
Batting: RHB John Stevens 0-0: Fly out, F4 (Popup, 34D)
Batting: RHB Jesús Herrera 0-0: Called Strike
0-1: Ground out 4-3 (Groundball, 4S)
Bottom of the 7th over - 0 run(s), 2 hit(s), 1 error(s), 3 left on base; Gilbert 4 - Atlantic City 5
TOP OF THE 8TH
Gilbert Fire Fighters batting - Pitching for Atlantic City War Dogs : RHP Mauro Martínez
Pitching: RHP Pedro Luque
Now at 1B: Robert Mann
Now at 2B: Henry Edwards
Batting: RHB George Medine 0-0: Called Strike
0-1: Ball
1-1: Fly out, F8 (Flyball, 8RM)
Batting: SHB George Wells 0-0: Ball
1-0: Swinging Strike
1-1: Foul Ball, location: 2F
1-2: Strikes out swinging
Pitching: LHP Anthony Blackwell
Batting: LHB Bill Handy 0-0: DOUBLE (Flyball, 7LM)
Pitching: LHP Craig Caldwell
Batting: RHB Jorge Álvarez 0-0: Called Strike
0-1: DOUBLE (Line Drive, 7)
Bill Handy scores
Batting: RHB James Jones 0-0: Ground out 6-3 (Groundball, 6)
Top of the 8th over - 1 run(s), 2 hit(s), 0 error(s), 1 left on base; Gilbert 5 - Atlantic City 5
BOTTOM OF THE 8TH
Atlantic City War Dogs batting - Pitching for Gilbert Fire Fighters : RHP James Jones
Pinch Hitting: LHB Gary White 0-0: Called Strike
0-1: Called Strike
0-2: Ball
1-2: Foul Ball, location: 2F
1-2: SINGLE (Line Drive, 4D)
Pinch Hitting: RHB Bill Spence 0-0: Ball
1-0: Bunt missed!
1-1: Ball
2-1: Bunted foul
2-2: Ball
3-2: Fly out, F7 (Flyball, 7)
Batting: RHB Robert Koremans 0-0: Ball
1-0: Ball
2-0: DOUBLE (Line Drive, 7LD)
Gary White to third
Batting: RHB José Guevara 0-0: Ball
1-0: Ground out 6-3 (Groundball, 6)
Batting: RHB Jamie Swyers 0-0: Ball
1-0: Ball
2-0: Ball
3-0: Foul Ball, location: 2F
3-1: Base on Balls
Batting: LHB Robert Mann 0-0: Called Strike
0-1: GRAND SLAM HOME RUN (Flyball, 78XD), Distance : 411 ft
Batting: RHB Henry Edwards 0-0: Ground out 6-3 (Groundball, 6MD)
Bottom of the 8th over - 4 run(s), 3 hit(s), 0 error(s), 0 left on base; Gilbert 5 - Atlantic City 9
TOP OF THE 9TH
Gilbert Fire Fighters batting - Pitching for Atlantic City War Dogs : LHP Craig Caldwell
Now in CF: Jerome Cuevas
Now in RF: Pancho Valdés
Batting: RHB Ángel Rodríguez 0-0: Foul Ball, location: 2F
0-1: Ball
1-1: Ball
2-1: Called Strike
2-2: Foul Ball, location: 2F
2-2: Foul Ball, location: 2F
2-2: Ball
3-2: Foul Ball, location: 2F
3-2: Foul Ball, location: 2F
3-2: Ground out 1-3 (Groundball, 15S)
Batting: RHB Carl Curry 0-0: Called Strike
0-1: Called Strike
0-2: Strikes out swinging
Batting: RHB James Richardson 0-0: Ball
1-0: Ball
2-0: Foul Ball, location: 2F
2-1: Ball
3-1: Foul Ball, location: 2F
3-2: Ground out 6-3 (Groundball, 6)
Top of the 9th over - 0 run(s), 0 hit(s), 0 error(s), 0 left on base; Gilbert 5 - Atlantic City 9
Thursday, March 30th, 2017 - OOTP Baseball 17.12 Build 75